AoeStats
← KG.专业开脑壳

Black Forest

504220949Analyzed
4v4 RM · 26d ago on Sep 4, 2026· 52m 46s· 8 players
Game mode
Random Map
Map size
Large (8 player)
Population
200
Speed
Normal
Resources
Standard
Victory
Conquest
Starting age
Dark Age
Ending age
Imperial Age
RankedLock teamsTeams togetherTeam positionsShared explorationLock speedFull tech treeHidden civsTurbo modeCheats
Victory
Defeat
🇹🇼 Italians · Taiwan
1305
+14
🇨🇳 Chinese · China
1300
+15
🇹🇼 Bohemians · Taiwan
1287
+15
🇹🇼 Britons · Taiwan
1229
+18
🇹🇼 Burgundians · Taiwan
1289
-16
🇩🇪 Ethiopians · Germany
1280
-16
🇲🇽 Huns · Mexico
1261
-15
🇨🇳 Persians · China
1252
-15
Mr.Galleta
1:31 Loom
15:13 Feudal Age
18:39 Double-Bit Axe
23:11 Castle Age
22:47 Fletching
22:57 Padded Archer Armor
23:03 Gold Mining
24:15 Bow Saw
25:34 Fishing Lines
26:34 Bloodlines
28:19 Husbandry
28:54 Bodkin Arrow
30:51 Leather Archer Armor
31:13 Thumb Ring
37:21 Imperial Age
37:13 Scale Barding Armor
37:54 Wheelbarrow
37:08 Light Cavalry
37:55 Marauders
38:26 Conscription
39:15 Parthian Tactics
39:39 Horse Collar
40:31 Guilds
41:04 Gold Shaft Mining
40:54 Bracer
41:04 Hussar
45:34 Chemistry
Idle
2:35 Loom
11:36 Feudal Age
15:13 Castle Age
13:17 Double-Bit Axe
14:19 Horse Collar
16:21 Bow Saw
16:14 Heavy Plow
21:36 Gold Mining
22:43 Stone Mining
28:08 Gold Shaft Mining
28:23 Ballistics
29:19 Wheelbarrow
29:14 Town Watch
31:08 Hand Cart
34:42 Imperial Age
32:44 Squires
32:29 Arson
34:05 Forging
33:55 Scale Mail Armor
34:24 Fletching
34:53 Masonry
35:47 Iron Casting
34:49 Heavy Scorpion
36:34 Chemistry
36:23 Torsion Engines
37:53 Siege Engineers
39:14 Conscription
45:51 Chain Mail Armor
46:37 Blast Furnace
47:40 Plate Mail Armor
47:24 Bodkin Arrow
48:08 Architecture
48:19 Halberdier
ping3026
0:28 Loom
13:44 Feudal Age
12:26 Double-Bit Axe
13:13 Fishing Lines
14:29 Horse Collar
19:52 Castle Age
18:32 Stone Mining
18:52 Gold Mining
21:14 Town Watch
23:01 Wheelbarrow
28:41 Heavy Plow
34:52 Fletching
38:46 Bow Saw
42:55 Imperial Age
41:40 Masonry
42:45 Sanctity
43:10 Hand Cart
45:19 Chemistry
45:02 Padded Archer Armor
46:13 Conscription
46:06 Burgundian Vineyards
45:27 Onager
47:20 Elite Skirmisher
47:58 Bodkin Arrow
48:20 Leather Archer Armor
48:08 Treadmill Crane
52:21 Ballistics
KG.专业开脑壳
1:32 Loom
11:57 Feudal Age
16:39 Castle Age
15:00 Double-Bit Axe
17:34 Horse Collar
22:15 Bow Saw
23:38 Wheelbarrow
23:32 Scale Barding Armor
25:16 Forging
25:42 Heavy Plow
26:39 Chain Barding Armor
28:06 Gold Mining
28:06 Stone Mining
29:18 Hand Cart
a506b8123il
1:47 Loom
14:48 Feudal Age
21:52 Town Watch
24:29 Castle Age
23:25 Gold Mining
23:25 Double-Bit Axe
23:23 Horse Collar
24:32 Fishing Lines
30:49 Gillnets
33:21 Gold Shaft Mining
32:51 Stone Mining
33:13 Bow Saw
34:24 Wheelbarrow
37:35 Imperial Age
35:20 Heavy Plow
35:36 Fletching
35:48 Scale Mail Armor
36:46 Caravan
37:10 Ballistics
36:16 Pikeman
36:57 Squires
37:01 Bodkin Arrow
37:33 Chain Mail Armor
39:13 Bracer
40:14 Chemistry
38:49 Capped Ram
40:12 Hand Cart
40:57 Guilds
41:27 Plate Mail Armor
41:00 Padded Archer Armor
41:22 Elite Longbowman
42:38 Siege Engineers
43:19 Conscription
43:42 Leather Archer Armor
45:14 Ring Archer Armor
44:55 Forging
45:30 Arson
45:06 Halberdier
47:38 Two-Man Saw
47:33 Iron Casting
47:12 Warwolf
47:35 Yeomen
49:55 Blast Furnace
49:09 Fortified Wall
48:40 Treadmill Crane
48:57 Murder Holes
49:13 Masonry
51:46 Coinage
Speechless
2:55 Loom
12:45 Feudal Age
16:20 Castle Age
15:01 Double-Bit Axe
15:50 Horse Collar
21:44 Wheelbarrow
22:27 Wheelbarrow
25:24 Fletching
26:31 Town Watch
34:22 Imperial Age
35:29 Hand Cart
36:57 Chemistry
37:06 Conscription
39:02 Pikeman
39:43 Scale Mail Armor
39:55 Forging
39:53 Halberdier
40:52 Chain Mail Armor
40:47 Houfnice
42:59 Houfnice
46:40 Plate Mail Armor
46:46 Iron Casting
46:45 Bow Saw
48:49 Squires
48:36 Arson
49:53 Blast Furnace
Maple
0:37 Loom
11:11 Feudal Age
13:31 Double-Bit Axe
15:47 Horse Collar
19:06 Castle Age
17:26 Fletching
19:37 Padded Archer Armor
24:07 Crossbowman
25:29 Bodkin Arrow
30:16 Wheelbarrow
31:46 Hand Cart
35:23 Imperial Age
33:10 Stone Mining
33:10 Gold Mining
33:34 Bow Saw
34:05 Silk Road
34:24 Stone Mining
34:38 Heavy Plow
35:10 Caravan
35:51 Ballistics
36:28 Bracer
37:56 Chemistry
37:31 Treadmill Crane
37:56 Gold Mining
38:45 Stone Shaft Mining
38:58 Fortified Wall
40:20 Elite Genoese Crossbowman
42:21 Thumb Ring
42:19 Town Watch
43:31 Leather Archer Armor
45:04 Two-Man Saw
44:35 Crop Rotation
45:26 Herbal Medicine
46:49 Ring Archer Armor
48:08 Conscription
49:46 Coinage
52:32 Hoardings
52:10 Masonry
51:56 Murder Holes
51:55 Arbalester
Inklimus
0:27 Loom
11:49 Feudal Age
16:31 Castle Age
15:04 Double-Bit Axe
16:34 Wheelbarrow
18:05 Bow Saw
25:49 Scale Mail Armor
25:59 Forging
27:00 Forging
27:35 Squires
28:18 Chain Mail Armor
28:03 Arson
29:54 Iron Casting
33:42 Imperial Age
33:01 Hand Cart
35:09 Plate Mail Armor
35:40 Blast Furnace
36:15 Town Watch
36:22 Pikeman
36:23 Elite Fire Lancer
36:35 Capped Ram
37:37 Siege Ram
39:48 Town Patrol
40:28 Gold Mining
40:47 Halberdier
43:18 Scale Barding Armor
44:14 Bloodlines
44:05 Husbandry
43:25 Cavalier
44:21 Light Cavalry
45:38 Chain Barding Armor
47:56 Plate Barding Armor
47:46 Conscription
47:14 Heavy Rocket Cart
Connection lost

Rejoining the realm…

Still unreachable

The connection could not be restored.

Session expired

The server has moved on; the page needs a fresh start.